 Dungeon Crawl Stone Soup version 0.26-a0-466-g989023bd0d (webtiles) character file.

Game seed: 8933411424576776316

36220 kae the Brawler (level 13, -10/109 HPs)
             Began as a Demonspawn Gladiator on Aug 11, 2020.
             Was a High Priest of Makhleb.
             Mangled by a cane toad (11 damage)
             ... on level 5 of the Lair of Beasts on Aug 12, 2020.
             The game lasted 00:17:25 (16830 turns).

kae the Brawler (Demonspawn Gladiator)             Turns: 16830, Time: 00:17:26

Health: -10/109    AC: 29    Str: 18    XL:     13   Next: 51%
Magic:  22/22      EV: 13    Int: 10    God:    Makhleb [*****.]
Gold:   901        SH:  0    Dex: 16    Spells: 12/12 levels left

rFire    . . .     SeeInvis .     - Unarmed
rCold    . . .     Faith    .   (no shield)
rNeg     . . .     Spirit   .   z - +3 steam dragon scales
rPois    .         Reflect  .   b - +2 helmet
rElec    .         Harm     .   (no cloak)
rCorr    +                      k - +2 pair of gloves
MR       .....                  a - +2 pair of boots
Stlth    +.........             E - amulet of magic regeneration (curse)
HPRegen  0.28/turn              J - +4 ring of protection
MPRegen  0.43/turn              P - +4 ring of protection

@: lethally poisoned (-10 -> -20), about to teleport
A: talons 2, yellow scales 3, foul stench 1, spiny 1, augmentation 1, rot
immunity
a: Minor Destruction, Lesser Servant of Makhleb, Major Destruction, Greater
Servant of Makhleb, Renounce Religion


You were on level 5 of the Lair of Beasts.
You worshipped Makhleb.
Makhleb was extremely pleased with you.
You visited 2 branches of the dungeon, and saw 16 of its levels.
You also visited: Sewer and Ossuary.

You collected 997 gold pieces.
You spent 96 gold pieces at shops.

Inventory:

Missiles
 c - 4 throwing nets (quivered)
Armour
 a - a +2 pair of boots (worn)
 b - a +2 helmet (worn)
 k - a +2 pair of gloves (worn)
 z - +3 steam dragon scales (worn)
Jewellery
 g - a +6 ring of dexterity
 l - an uncursed ring of poison resistance
 E - a cursed amulet of magic regeneration (around neck)
 F - an uncursed ring of magical power
 G - an uncursed ring of flight
 J - a +4 ring of protection (left hand)
 K - an uncursed ring of magical power
 N - a +4 ring of evasion
 P - a +4 ring of protection (right hand)
Wands
 f - a wand of random effects (16)
 m - a wand of polymorph (11)
 B - a wand of digging (9)
 C - a wand of enslavement (12)
 D - a wand of acid (20)
 H - a wand of paralysis (8)
 I - a wand of flame (26)
Scrolls
 e - 17 scrolls of remove curse
 o - 3 scrolls of enchant weapon
 r - 4 scrolls of amnesia
 v - 3 scrolls of fog
 w - 4 scrolls of fear
 x - 9 scrolls of teleportation
 y - 2 scrolls of blinking
 M - 3 scrolls of identify
Potions
 d - 4 potions of flight
 h - a potion of heal wounds
 i - 3 potions of lignification
 j - 6 potions of brilliance
 n - 10 potions of curing
 p - 3 potions of cancellation
 q - a potion of haste
 s - 9 potions of might
 t - 3 potions of stabbing
 u - 3 potions of mutation
 A - 2 potions of resistance
 L - 2 potions of magic
 Q - a potion of berserk rage


   Skills:
 + Level 12.3 Fighting
 - Level 1.7 Throwing
 - Level 2.6 Dodging
 * Level 15.5 Unarmed Combat
 + Level 12.5 Invocations


You had 12 spell levels left.
You didn't know any spells.
Your spell library contained the following spells:

 Spells                   Type           Power        Failure   Level
 Summon Small Mammal      Summ           #...         36%         1
 Call Imp                 Summ           #.......     50%         2
 Call Canine Familiar     Summ           #.......     75%         3
 Summon Guardian Golem    Hex/Summ       #.......     75%         3
 Summon Ice Beast         Ice/Summ       #.......     98%         4
 Summon Lightning Spire   Summ/Air       #.......     98%         4


Dungeon Overview and Level Annotations

Branches:
Dungeon (10/15)            Temple (0/1) D:5            Lair (6/6) D:8
  Swamp (0/4) Lair:3       Spider (0/4) Lair:3        Slime (0/5) Lair:5
    Orc (0/2) D:10          Sewer (visited)         Ossuary (visited)

Altars:
Ashenzari
Elyvilon
Hepliaklqana
Kikubaaqudgha
Makhleb
Nemelex Xobeh
Qazlal
Ru
Sif Muna
Trog
Uskayaw
Vehumet
Wu Jian
Xom
Yredelemnul
Zin
The Shining One
Beogh
Jiyva

Shops:
D:4 (}   D:5 *

Portals:
Trove: D:10 (give +7 demon whip)

Annotations:
Lair:4 exclusion: 3 oklob plants


Innate Abilities, Weirdness & Mutations

You have razor-sharp toenails.
You are completely covered in yellow scales. (AC +4, rCorr)
You may emit foul miasma when damaged in melee.
You are partially covered in sharp spines.
Your magical and physical power is slightly enhanced at high health.
You are immune to rotting.


Message History

* * * LOW HITPOINT WARNING * * *
You emit a cloud of foul miasma!
The cane toad barely misses you.
The blink frog blinks!
The komodo dragon misses you.
You climb upwards.
You feel very sick.
There is a stone staircase leading down, spattered with blood here.
Unknown command.
As you read the scroll of teleportation, it crumbles to dust.
You feel strangely unstable.
You feel sick.
The dream sheep is struck by your spines.
The dream sheep bites you but does no damage.
The dream sheep is struck by your spines.
The dream sheep bites you but does no damage.
The tyrant leech is struck by your spines.
The tyrant leech bites you!!
* * * LOW HITPOINT WARNING * * *
The tyrant leech draws strength from your injuries!
The cane toad closely misses you. The cane toad is struck by your spines.
The cane toad stings you!
You die...

.#.................### #.....##
.###.#..........#..#.# ##.!..#.
.####.#....#..####..#######...##.
..####....##### #P...#.##.#.....
.###.....## ##......#.##..#.
..#.....P# ##........#..##.#
.......### ###....#P......####
......#########YwF...##.###.###
#.....# #P.....l@F########..#.#
#....####......Y..## ##..##
##...##.#.......#.P# #P.P#
#....###........#### #..##
...........##.### ##.#
.........###### #..###
#.#.....#.# #P.#.# ####..P.###
##...# # #...## ##...###


You could see a tyrant leech, a komodo dragon, 2 cane toads and 2 dream sheep.

Vanquished Creatures
  Kirke (Lair:4)
  Gastronok (Lair:2)
  Josephine (Lair:5)
  3 hydras
  7 death yaks
  Urug (Lair:5)
  The ghost of t4s4d4r the Spear-Bearer, a novice OpSk (D:5)
  A black mamba (Lair:5)
  13 cane toads
  3 komodo dragons
  2 rime drakes (Lair:4)
  3 trolls
  A hornet (D:10)
  6 hippogriffs
  7 dream sheep
  4 wraiths (Lair:5)
  5 wyverns
  Sigmund (D:4)
  13 yaks
  A basilisk (Lair:3)
  7 hogs (Lair:4)
  A vampire mosquito (Lair:6)
  A steam dragon (D:8)
  5 insubstantial wisps (Lair:3)
  8 water moccasins
  5 porcupines
  7 sky beasts
  2 ice beasts
  7 orc warriors
  4 black bears
  5 centaurs
  2 necrophages
  7 ogres
  4 wolves (Lair:4)
  6 crocodiles
  4 big kobolds
  13 bullfrogs
  A wyvern zombie (D:10)
  12 scorpions
  9 wights (D:7)
  4 electric eels
  2 howler monkeys
  3 bullfrog zombies
  4 centaur zombies
  A gnoll shaman (D:6)
  4 jellies
  5 orc priests
  A centaur skeleton (D:7)
  7 hounds
  4 bullfrog skeletons
  Natasha (D:3)
  5 iguanas
  8 orc wizards
  6 worker ants
  4 big kobold zombies (Ossuary)
  A hound zombie (D:6)
  A hound skeleton (D:7)
  3 mummies (Ossuary)
  A worker ant zombie (D:10)
  10 gnolls
  5 scorpion zombies (Ossuary)
  A howler monkey skeleton (D:10)
  7 adders
  4 river rats (Sewer)
  A shadow imp (D:5)
  4 white imps
  An ufetubus (D:10)
  An ooze (Sewer)
  An adder skeleton (D:7)
  5 worms
  2 dart slugs
  11 leopard geckos
  63 orcs
  10 bats
  10 giant cockroaches
  A gnoll zombie (Ossuary)
  15 hobgoblins
  8 jackals
  22 kobolds
  5 quokkas
  14 ball pythons
  9 frilled lizards
  9 goblins
  2 goblin zombies (Ossuary)
  A hobgoblin zombie (Ossuary)
  2 orc zombies (Ossuary)
  3 quokka skeletons
  32 rats
509 creatures vanquished.

Vanquished Creatures (collateral kills)
  5 death yaks
  A cane toad (Lair:4)
  2 yaks (Lair:4)
  A fungus (Lair:5)
  A plant (Lair:4)
10 creatures vanquished.

Vanquished Creatures (others)
  A scorpion (Ossuary)
  2 plants (Lair:4)
3 creatures vanquished.

Grand Total: 522 creatures vanquished

Notes
Turn   | Place    | Note
-------+----------+-------------------------------------------
     0 | D:1      | kae the Demonspawn Gladiator began the quest for the Orb.
     0 | D:1      | Reached XP level 1. HP: 16/16 MP: 1/1
   100 | D:1      | Reached skill level 3 in Unarmed Combat
   387 | D:1      | Gained mutation: You are partially covered in yellow
                  | scales. (AC +2) [demonic ancestry]
   387 | D:1      | Reached XP level 2. HP: 19/22 MP: 2/2
   937 | D:2      | Gained mutation: You are immune to rotting. [demonic
                  | ancestry]
   937 | D:2      | Reached XP level 3. HP: 24/28 MP: 3/3
  1395 | D:2      | Reached skill level 4 in Unarmed Combat
  1405 | D:2      | Found a sparkling altar of Nemelex Xobeh.
  1457 | D:2      | Gained mutation: You are mostly covered in yellow scales.
                  | (AC +3) [demonic ancestry]
  1457 | D:2      | Reached XP level 4. HP: 33/34 MP: 4/4
  1887 | D:3      | Found a basalt altar of Yredelemnul.
  1898 | D:3      | Gained mutation: You have sharp toenails. [demonic
                  | ancestry]
  1898 | D:3      | Reached XP level 5. HP: 41/41 MP: 5/5
  2803 | D:3      | Noticed Natasha
  2813 | D:3      | Killed Natasha
  2813 | D:3      | Reached skill level 5 in Unarmed Combat
  3112 | D:4      | Found a hazy altar of Hepliaklqana.
  3132 | D:4      | Found Caes's Gadget Emporium.
  3142 | D:4      | Found Rocoxt's Weapon Shoppe.
  3162 | D:4      | Noticed Sigmund
  3178 | D:4      | Killed Sigmund
  3178 | D:4      | Gained mutation: You may emit foul miasma when damaged in
                  | melee. [demonic ancestry]
  3178 | D:4      | Reached XP level 6. HP: 21/48 MP: 6/6
  3290 | D:4      | Found a sand-covered staircase.
  3295 | Ossuary  | Entered an ossuary
  3402 | Ossuary  | Reached skill level 6 in Unarmed Combat
  3431 | Ossuary  | Gained mutation: You are completely covered in yellow
                  | scales. (AC +4, rCorr) [demonic ancestry]
  3431 | Ossuary  | Reached XP level 7. HP: 50/55 MP: 7/7
  3666 | Ossuary  | Reached skill level 5 in Fighting
  3776 | Ossuary  | Reached skill level 7 in Unarmed Combat
  4066 | D:4      | Gained mutation: You have razor-sharp toenails. [demonic
                  | ancestry]
  4066 | D:4      | Reached XP level 8. HP: 63/63 MP: 8/8
  4232 | D:4      | Found an ancient bone altar of Kikubaaqudgha.
  4440 | D:5      | Entered Level 5 of the Dungeon
  4533 | D:5      | Found a glowing silver altar of Zin.
  4535 | D:5      | Found a bloodstained altar of Trog.
  4535 | D:5      | Found a sparkling altar of Nemelex Xobeh.
  4537 | D:5      | Found an ornate altar of the Wu Jian Council.
  4537 | D:5      | Found a shimmering altar of Xom.
  4537 | D:5      | Found a shimmering blue altar of Sif Muna.
  4596 | D:5      | Noticed a troll
  4608 | D:5      | Killed a troll
  4608 | D:5      | Reached skill level 8 in Unarmed Combat
  4795 | D:5      | Found a glowing drain.
  4821 | Sewer    | Entered a sewer
  5427 | D:5      | Reached skill level 9 in Unarmed Combat
  5461 | D:5      | Found a burning altar of Makhleb.
  5482 | D:5      | Found Plog's General Store.
  5490 | D:5      | Bought a potion of mutation for 96 gold pieces
  5513 | D:5      | Became a worshipper of Makhleb the Destroyer
  5527 | D:5      | Found a staircase to the Ecumenical Temple.
  5763 | D:5      | Gained mutation: You are partially covered in sharp spines.
                  | [demonic ancestry]
  5763 | D:5      | Reached XP level 9. HP: 56/72 MP: 9/9
  5840 | D:5      | Found a runed translucent gate.
  5840 | D:5      | Found a runed translucent gate.
  5840 | D:5      | Noticed t4s4d4r's ghost (novice OpSk)
  5841 | D:5      | Found a runed translucent gate.
  5855 | D:5      | Killed t4s4d4r's ghost
  5963 | D:6      | Found a bloodstained altar of Trog.
  5977 | D:6      | Reached skill level 10 in Unarmed Combat
  6413 | D:6      | Found a hide-covered altar of Uskayaw.
  6439 | D:6      | Found a glowing golden altar of the Shining One.
  6503 | D:6      | Reached * piety under Makhleb
  6640 | D:6      | Reached skill level 1 in Invocations
  7185 | D:7      | Found a white marble altar of Elyvilon.
  7270 | D:7      | Found a radiant altar of Vehumet.
  7293 | D:7      | Gained mutation: Your magical and physical power is
                  | slightly enhanced at high health. [demonic ancestry]
  7293 | D:7      | Reached XP level 10. HP: 73/82 MP: 12/12
  7308 | D:7      | Reached skill level 11 in Unarmed Combat
  7386 | D:7      | Reached ** piety under Makhleb
  7688 | D:8      | Found a shattered altar of Ashenzari.
  8193 | D:8      | Reached skill level 5 in Invocations
  8436 | D:8      | Found a roughly hewn altar of Beogh.
  8471 | D:8      | Reached *** piety under Makhleb
  8640 | D:8      | Found a staircase to the Lair.
  8982 | D:9      | Found a stormy altar of Qazlal.
  9268 | D:9      | Reached skill level 12 in Unarmed Combat
  9396 | D:9      | Found a sacrificial altar of Ru.
  9614 | D:10     | Entered Level 10 of the Dungeon
  9670 | D:10     | Reached **** piety under Makhleb
  9682 | D:10     | Reached XP level 11. HP: 43/89 MP: 16/16
 10077 | D:10     | Found a staircase to the Orcish Mines.
 10272 | D:10     | Found a portal to a secret trove of treasure.
 10407 | D:10     | Reached ***** piety under Makhleb
 10722 | Lair:1   | Entered Level 1 of the Lair of Beasts
 10727 | Lair:1   | Reached skill level 10 in Fighting
 12043 | Lair:2   | Noticed an eight-headed hydra
 12049 | Lair:2   | Killed an eight-headed hydra
 12306 | Lair:2   | Noticed Gastronok
 12322 | Lair:2   | Killed Gastronok
 12322 | Lair:2   | Reached skill level 13 in Unarmed Combat
 12973 | Lair:3   | Found a hole to the Spider Nest.
 13120 | Lair:3   | Found a staircase to the Swamp.
 13411 | Lair:3   | Reached XP level 12. HP: 98/99 MP: 19/19
 13877 | Lair:4   | Noticed a death yak
 13879 | Lair:4   | Noticed a death yak
 13892 | Lair:4   | Killed a death yak
 13898 | Lair:4   | Reached skill level 10 in Invocations
 13908 | Lair:4   | Killed a death yak
 14085 | Lair:4   | Reached skill level 14 in Unarmed Combat
 14208 | Lair:4   | Noticed a death yak
 14225 | Lair:4   | Noticed a death yak
 14226 | Lair:4   | Killed a death yak
 14228 | Lair:4   | Noticed a death yak
 14243 | Lair:4   | Killed a death yak
 14250 | Lair:4   | Killed a death yak
 14488 | Lair:4   | Noticed a death yak
 14488 | Lair:4   | Noticed a death yak
 14490 | Lair:4   | Noticed a death yak
 14496 | Lair:4   | Killed a death yak
 14498 | Lair:4   | Killed a death yak
 14500 | Lair:4   | Killed a death yak
 14959 | Lair:5   | Noticed Kirke
 14991 | Lair:4   | Killed Kirke
 14991 | Lair:4   | Reached XP level 13. HP: 107/107 MP: 21/21
 15059 | Lair:5   | Noticed Josephine
 15065 | Lair:5   | Killed Josephine
 15077 | Lair:5   | Noticed Urug
 15080 | Lair:5   | Reached skill level 15 in Unarmed Combat
 15116 | Lair:5   | Killed Urug
 15502 | Lair:5   | Found a viscous altar of Jiyva.
 15900 | Lair:5   | Found a staircase to the Slime Pits.
 16786 | Lair:6   | Entered Level 6 of the Lair of Beasts
 16830 | Lair:5   | HP: 1/109 [tyrant leech (22)]
 16830 | Lair:5   | Mangled by a cane toad

Illustrated notes

Levels and vault maps discovered:
D:1:      minmay_arrival_solitary_statue, layout_rooms, minivault_4, hex_medium,
          kennysheep_small_spiral, grunt_decor_arrowhead
D:2:      layout_rooms, lemuel_doored_altar, minmay_domino_4
D:3:      layout_basic, yredelemnul_altar_generic, uniq_natasha
D:4:      layout_rooms, nicolae_overflow_crystal_walls, marbit_many_paths,
          enter_ossuary_5, serial_shops, kennysheep_mini, shop, uniq_sigmund
D:5:      layout_loops_cross, overflow_temple_1_default,
          minmay_temple_entry_drinking_statues, serial_shops,
          nicolae_shop_temple_entry_statues_fountains,
          ebering_ghost_rock_garden, portal_sewer_entry_f, doesnt_xom_only_xom
D:6:      layout_gridville, trog_ov_bears_minmay, overflow_temple_1_default,
          tso_oasis_becter
D:7:      layout_loops_ring, lemuel_round_altar, elyvilon_altar_5,
          grunt_ministairs_13
D:8:      layout_basic, overflow_temple_1_default, lair_entry_dummy,
          special_room [special_room_orc], abandoned_shop
D:9:      layout_irregular_city, nicolae_ru_great_annihilating_truth,
          nicolae_qazlal_eye_of_the_storm
D:10:     layout_irregular_city, kennysheep_orc_monster_closet_entryway,
          nicolae_trove_entry_crossroad
Lair:1:   layout_regular_city, minivault_25, serial_bayou_lake_a
Lair:2:   layout_cellular_growth, uniq_gastronok
Lair:3:   layout_regular_city, minmay_swamp_entry_wisps,
          spider_nest_entry_web_field, st_stairs_6
Lair:4:   beast_lair_carwin_large_1, layout_cave_pods,
          minmay_lair_oklob_chamber, lemuel_fruit_tree
Lair:5:   layout_cave_pods, slime_altar_1, infiniplex_staircase_pool,
          serial_bayou_shore_b, uniq_josephine, uniq_kirke, uniq_urug
Lair:6:   minmay_lair_end_frog_pond, layout_regular_city, uniq_snorg

Skill      XL: |  1  2  3  4  5  6  7  8  9 10 11 12 13 |
---------------+----------------------------------------+-----
Unarmed Combat | 3 4 5 6 7 9 10 12 13 14 15 | 15.5
Fighting       | 3 4 5 7 8 9 10 11 12 | 12.3
Invocations    | 3 6 9 11 12 | 12.5
Throwing       | |  1.7
Dodging        | |  2.6

Action                   |  1- 3 |  4- 6 |  7- 9 | 10-12 | 13-15 || total
-------------------------+-------+-------+-------+-------+-------++-------
Melee: Unarmed           |   167 |   192 |   463 |   582 |   124 ||  1528
       Punch             |     3 |     3 |    19 |    46 |     8 ||    79
       Kick              |       |    51 |   180 |   140 |       ||   371
Invok: Lesser Servant of |       |       |       |     1 |     4 ||     5
       Greater Servant o |       |       |       |     1 |       ||     1
Evoke: Wand              |       |       |       |     3 |       ||     3
  Use: Scroll            |     6 |     6 |     9 |     8 |     2 ||    31
       Potion            |       |     4 |     5 |       |       ||     9
 Stab: Distracted        |     1 |       |       |       |     1 ||     2
       Sleeping          |       |     1 |     3 |     7 |       ||    11
       Paralysed         |       |       |       |     1 |       ||     1
Armor: Leather armour    |    78 |    54 |   167 |    11 |       ||   310
       Skin              |       |    14 |       |       |       ||    14
       Steam dragon scal |       |       |       |   169 |    64 ||   233
Dodge: Dodged            |   149 |   118 |   263 |   266 |    61 ||   857

Table legend: (Time is in decaauts)
 A = Elapsed time spent in this place.
 B = Non-inter-level travel time spent in this place.
 C = Inter-level travel time spent in this place.
 D = Time resting spent in this place.
 E = Time spent auto-exploring this place.
 F = Levels seen in this place.
 G = Mean time per level.
                   A        B        C        D        E       F      G
               +--------+--------+--------+--------+--------+-----+--------+
         Total |  16636 |  16186 |    450 |   2508 |  10775 |  18 |  924.2 |
       Dungeon |   9375 |   9027 |    348 |   1428 |   5787 |  10 |  937.5 |
          Lair |   6045 |   5943 |    102 |    930 |   4333 |   6 | 1007.5 |
         Sewer |    495 |    495 |      0 |      0 |    325 |   1 |  495.0 |
       Ossuary |    720 |    720 |      0 |    149 |    330 |   1 |  720.0 |
               +--------+--------+--------+--------+--------+-----+--------+

Top non-repeatable levels by time:
  Lair:5: 1766 daAuts
     D:3: 1223 daAuts
  Lair:4: 1188 daAuts
     D:8: 1182 daAuts
     D:1: 1167 daAuts
  Lair:2: 1106 daAuts
  Lair:1: 1100 daAuts
    D:10: 1050 daAuts
     D:5: 991 daAuts
     D:6: 905 daAuts
  Lair:3: 867 daAuts
     D:7: 826 daAuts
     D:9: 740 daAuts
 Ossuary: 720 daAuts
     D:2: 650 daAuts
